 Dungeon Crawl Stone Soup version 0.22-a0-283-g1871b15 (webtiles) character file.

10 erloom the Grasshopper (level 2, 0/27 HPs)
             Began as a Naga Warper on Mar 19, 2018.
             Slain by a leopard gecko (1 damage)
             ... on level 1 of the Dungeon.
             The game lasted 00:01:12 (502 turns).

erloom the Grasshopper (Naga Warper)                 Turns: 502, Time: 00:01:13

Health: 0/27       AC:  5    Str: 13    XL:     2   Next: 20%
Magic:  5/5        EV:  9    Int: 13    God:
Gold:   6          SH:  0    Dex: 10    Spells: 5/5 levels left

rFire    . . .     SeeInvis +   a - +0 hand axe
rCold    . . .     Gourm    .   (no shield)
rNeg     . . .     Faith    .   b - +0 leather armour
rPois    +         Spirit   .   (no helmet)
rElec    .         Reflect  .   (no cloak)
rCorr    .         Harm     .   h - +2 pair of gloves
MR       .....                  (no barding)
Stlth    +.........             (no amulet)
HPRegen  0.09/turn              (no ring)
MPRegen  0.09/turn              (no ring)

@: very slow
A: large, see invisible, deformed body, poison resistance, slowness 2, slow
metabolism 1, spit poison 1, AC +0
a: Spit Poison


You were on level 1 of the Dungeon.
You were not hungry.

You visited 1 branch of the dungeon, and saw 1 of its levels.

You collected 6 gold pieces.

Inventory:

Hand Weapons
 a - a +0 hand axe (weapon)
Missiles
 e - 5 tomahawks of dispersal (quivered)
Armour
 b - a +0 leather armour (worn)
 h - a +2 pair of gloves (worn)
Scrolls
 d - a scroll of blinking
Potions
 c - a potion of curing {unknown}
Comestibles
 f - 2 rations


   Skills:
 + Level 2.4 Fighting
 + Level 2.4 Axes
 - Level 0.8 Throwing
 - Level 0.7 Armour
 - Level 1.5 Dodging
 - Level 2.0 Spellcasting
   Level 3.0 Translocations


You had 5 spell levels left.
You didn't know any spells.

Dungeon Overview and Level Annotations

Branches:
Dungeon (1/15)

Altars:


Innate Abilities, Weirdness & Mutations

You cannot wear boots.
Your serpentine skin is tough. (AC +0)
You have supernaturally acute eyesight. (SInv)
Armour fits poorly on your strangely shaped body.
Your system is resistant to poisons. (rPois)
You cover ground very slowly.
You have a slow metabolism.
You can spit poison.


Message History

The frilled lizard hisses angrily.
The leopard gecko bites you. x2
You barely miss the leopard gecko. The leopard gecko bites you.
* * * LOW HITPOINT WARNING * * *
You barely miss the leopard gecko. The leopard gecko barely misses you. x2
You miss the leopard gecko.
The leopard gecko bites you but does no damage.
You barely miss the leopard gecko. The leopard gecko bites you.
* * * LOW HITPOINT WARNING * * *
You closely miss the leopard gecko. The leopard gecko closely misses you.
The leopard gecko bites you but does no damage.
You hit the leopard gecko.
The leopard gecko is moderately wounded.
The leopard gecko closely misses you.
You miss the leopard gecko.
The leopard gecko is moderately wounded.
The leopard gecko bites you.
* * * LOW HITPOINT WARNING * * *
The leopard gecko bites you.
You die...

###########
#.........#
##.######.#
#########.#
#.#
..........#
#.#
##.########
#.# #.# #@#
#.# #l# #.#
#l# #.#
........#
#.#
.........
#.###
...l#.##..
#...# g..
.. ...
###.# .#
.#. ####
#.# ...


You could see a leopard gecko and a frilled lizard.

Vanquished Creatures
  4 goblins (D:1)
  2 hobgoblins (D:1)
  A kobold (D:1)
  2 bats (D:1)
  A frilled lizard (D:1)
10 creatures vanquished.

Notes
Turn   | Place    | Note
-------+----------+-------------------------------------------
     0 | D:1      | erloom the Naga Warper began the quest for the Orb.
     0 | D:1      | Reached XP level 1. HP: 19/19 MP: 3/3
   462 | D:1      | Reached XP level 2. HP: 26/27 MP: 5/5
   502 | D:1      | HP: 1/27 [leopard gecko (2)]
   502 | D:1      | Slain by a leopard gecko

Vault maps used:
D:1:      mrwooster_arrival_statue_2

Action                   || total
-------------------------++-------
Melee: Hand axe          ||    52
Armor: Leather armour    ||    19
Dodge: Dodged            ||    23

Table legend:
 A = Spawn XP
 B = Non-spawn XP
 C = Spawn XP percentage of total XP
 D = Spawn monster count
 E = Non-spawn monster count
 F = Spawn count percentage of total count
 G = Total turns spent on level
                    A         B        C        D         E        F      G
               +---------+---------+-------+---------+---------+-------+---------
         Total |       0 |      15 |   0.0 |       0 |      10 |   0.0 |   502
               +---------+---------+-------+---------+---------+-------+---------
           D:1 |       0 |      15 |   0.0 |       0 |      10 |   0.0 |   502
               +---------+---------+-------+---------+---------+-------+---------
